 Dungeon Crawl Stone Soup version 0.23.1 (webtiles) character file.

Game seed: 9752216915302391920

312 smeego the Skirmisher (level 6, 0/43 HPs)
             Began as an Octopode Fighter on Mar 8, 2019.
             Slain by Sigmund
             ... wielding a +0 scythe
              (15 damage)
             ... on level 4 of the Dungeon.
             The game lasted 00:03:04 (2516 turns).

smeego the Skirmisher (Octopode Fighter)            Turns: 2516, Time: 00:03:05

Health: 0/43       AC:  1    Str: 20    XL:     6   Next: 42%
Magic:  6/6        EV: 12    Int: 16    God:
Gold:   179        SH:  9    Dex: 13    Spells: 5/5 levels left

rFire    . . .     SeeInvis .   a - +1 long sword
rCold    + . .     Gourm    .   b - +0 shield
rNeg     + . .     Faith    .   (helmet restricted)
rPois    +         Spirit   .   (no amulet)
rElec    .         Reflect  .   f - ring of protection from cold
rCorr    .         Harm     .   o - ring of protection from magic
MR       +....                  k - ring of poison resistance
Stlth    +++.......             p - ring of Matuanwakh {+Fly rN+}
HPRegen  0.14/turn              (no ring)
MPRegen  0.10/turn              (no ring)
                                (no ring)
                                (no ring)

@: mighty, brilliant
A: almost no armour, stealthy swim, amphibious, 8 rings, constrict 8, camouflage
1, gelatinous body 1
a: Evoke Flight


You were on level 4 of the Dungeon.
You were very hungry.

You visited 1 branch of the dungeon, and saw 4 of its levels.

You collected 179 gold pieces.

Inventory:

Hand Weapons
 a - a +1 long sword (weapon)
Armour
 b - a +0 shield (worn)
Jewellery
 f - a ring of protection from cold (left tentacle)
 k - a ring of poison resistance (on tentacle)
 l - an uncursed amulet of harm
 o - a ring of protection from magic (right tentacle)
 p - the ring of Matuanwakh (on tentacle) {+Fly rN+}
   (You found it on level 4 of the Dungeon)

   [ring of flight]

   It protects you from negative energy.
   It lets you fly.
Scrolls
 i - a scroll of enchant armour {unknown}
Potions
 c - 2 potions of might
 e - a potion of ambrosia
 h - 2 potions of heal wounds {unknown}
 m - a potion of magic {unknown}
 n - a potion of lignification {unknown}
 q - a potion of agility {unknown}
Comestibles
 d - 10 rations


   Skills:
 + Level 3.8 Fighting
 * Level 3.7 Long Blades
 + Level 3.8 Dodging
 + Level 3.0 Stealth
 + Level 3.8 Shields
 + Level 2.2 Unarmed Combat


You had 5 spell levels left.
You didn't know any spells.
Your spell library was empty.

Dungeon Overview and Level Annotations

Branches:
Dungeon (4/15)
 Temple: D:4-7

Altars:
Cheibriados
Elyvilon
Gozag
Nemelex Xobeh
Uskayaw

Annotations:
D:4 Sigmund


Innate Abilities, Weirdness & Mutations

You cannot wear most types of armour.
You are very stealthy in the water. (Stealth+)
You are amphibious.
You can wear up to eight rings at the same time.
You can use your tentacles to constrict eight enemies at once.
Your skin changes colour to match your surroundings (Stealth+).
Your rubbery body absorbs attacks. (AC +1, EV +1)


Message History

The ogre barely misses you.
You riposte.
You slash the ogre!
You kill the ogre!
Your Stealth skill increases to level 3!
Your Unarmed Combat skill increases to level 2!
Something hits you!
* * * LOW HITPOINT WARNING * * *
You feel better.
Unknown command.
It was a potion of brilliance.
You feel clever all of a sudden. Something hits you.
* * * LOW HITPOINT WARNING * * *
You feel better. Something hits you.
* * * LOW HITPOINT WARNING * * *
You feel better. Something hits you but does no damage.
Things that are here:
a +0 giant spiked club; an ogre corpse You closely miss something.
Something hits you!
You die...

#.......######
#...........[.
#.......######
##.....## ##...##
######### ##[..##
.......# ###.....#
###.#.#.###.......#
.......{@...#.....#
###.#.#.######...##
#..O....# #####
.....#.### ... ...
. ..... .......
.#...## #...


There were no monsters in sight!

Vanquished Creatures
  An ogre (D:4)
  A scorpion (D:4)
  An orc priest (D:3)
  A worker ant (D:4)
  3 adders
  An ooze (D:1)
  3 worms (D:2)
  2 dart slugs
  2 leopard geckos (D:2)
  7 orcs (D:3)
  11 bats
  3 giant cockroaches
  5 goblins
  8 hobgoblins
  4 frilled lizards
  9 kobolds
  20 rats
82 creatures vanquished.

Notes
Turn   | Place    | Note
-------+----------+-------------------------------------------
     0 | D:1      | smeego the Octopode Fighter began the quest for the Orb.
     0 | D:1      | Reached XP level 1. HP: 16/16 MP: 1/1
    36 | D:1      | Reached XP level 2. HP: 17/21 MP: 2/2
    91 | D:1      | Reached skill level 1 in Stealth
   300 | D:1      | Reached XP level 3. HP: 23/26 MP: 3/3
   808 | D:2      | Found a hide-covered altar of Uskayaw.
   911 | D:2      | Reached XP level 4. HP: 28/31 MP: 4/4
   999 | D:2      | Found a snail-covered altar of Cheibriados.
  1003 | D:2      | Reached skill level 1 in Unarmed Combat
  1833 | D:3      | Found a white marble altar of Elyvilon.
  1833 | D:3      | Found a sparkling altar of Nemelex Xobeh.
  1888 | D:3      | Reached XP level 5. HP: 28/36 MP: 5/5
  2228 | D:3      | Found an opulent altar of Gozag.
  2400 | D:4      | Got a crude granite ring
  2402 | D:4      | Identified the ring of Matuanwakh {+Fly rN+} (You found it
                  | on level 4 of the Dungeon)
  2489 | D:4      | Reached XP level 6. HP: 43/43 MP: 6/6
  2500 | D:4      | Noticed Sigmund
  2510 | D:4      | HP: 2/43 [something (12)]
  2516 | D:4      | Slain by Sigmund

Skill      XL: |  1  2  3  4  5  6 |
---------------+-------------------+-----
Stealth        | 1 2 3 |  3.0
Unarmed Combat | 1 2 |  2.2
Long Blades    | 3 |  3.7
Fighting       | |  3.8
Dodging        | |  3.8
Shields        | |  3.8

Action                   |  1- 3 |  4- 6 || total
-------------------------+-------+-------++-------
Melee: Long sword        |    59 |    70 ||   129
       Constrict         |    19 |    24 ||    43
       Tentacles         |    11 |    14 ||    25
       Punch             |       |     1 ||     1
  Use: Scroll            |     6 |     3 ||     9
       Potion            |       |     5 ||     5
 Stab: Sleeping          |     5 |     9 ||    14
       Distracted        |       |     1 ||     1
  Eat: Chunk             |       |     4 ||     4
Armor: Skin              |     2 |     2 ||     4
Dodge: Dodged            |    25 |    21 ||    46
Block: Shield            |    23 |    21 ||    44
       Rpst.: Long sword |     7 |     7 ||    14
